 Dungeon Crawl Stone Soup version bcrawl-1.37.2 (webtiles) character file.

Game seed: 17683111726026320673

228994 Mehrunes the Nimble (level 11, -2/68 HPs)
             Began as a Human Fire Elementalist on Oct 24, 2022.
             Was an Elder of Sif Muna.
             Slain by a snaplasher vine (7 damage)
             ... created by a dryad
             ... on level 9 of the Dungeon.
             The game lasted 01:05:23 (14044 turns).

Mehrunes the Nimble (Human Fire Elementalist)      Turns: 14044, Time: 01:05:24

Health: -2/68      AC: 11    Str: 12    XL:     11   Next: 36%
Magic:  15/18      EV: 15    Int: 17    God:    Sif Muna [****..]
Gold:   595        SH:  0    Dex: 14    Spells: 7/20 levels left

rFire    + . .     GDR:     29% q - +11 spear of Dawn {flame, +Rage rElec rF+ Str+2}
rCold    . . .     SeeInvis +   (no shield)
rNeg     . . .     Gourm    +   I - +0 steam dragon scales
rPois    .         Faith    .   v - +2 helmet
rElec    +         Spirit   .   g - scarf {clouds}
rCorr    .         Reflect  .   O - +0 pair of gloves
MR       .....                  N - +0 pair of boots
Stlth    ++........             n - amulet of the gourmand
HPRegen  0.21/turn              m - ring of Fun {+Fly SInv}
MPRegen  0.16/turn              (no ring)

@: about to teleport, flying, held
A: no striking features
a: Divine Energy, Channel Magic, Forget Spell, Renounce Religion, Evoke Fog,
Evoke Berserk Rage, Stop Flying


You were on level 9 of the Dungeon.
You worshipped Sif Muna.
Sif Muna was greatly pleased with you.
You were not hungry.

You visited 2 branches of the dungeon, and saw 10 of its levels.
You also visited: Sewer.

You collected 703 gold pieces.
You spent 108 gold pieces at shops.

Inventory:

Hand Weapons
 b - a +0 mace
 q - the +11 spear of Dawn (weapon) {flame, +Rage rElec rF+ Str+2}
   (You found it on level 5 of the Dungeon)

   It has been specially enchanted to surge with flame as it hits, increasing
   damage dealt by approximately one third against foes not resistant or
   susceptible to fire.
   It affects your strength (+2).
   It protects you from fire.
   It insulates you from electricity.
   It lets you go berserk.
 x - a +0 blowgun
 L - the +7 mace of the Immovable Knaves {freeze, *Slow rPois Int+4}
   (You found it on level 6 of the Dungeon)

   It has been specially enchanted to freeze those struck by it, increasing
   damage dealt by approximately one third against foes not resistant or
   susceptible to cold, and potentially slowing cold-blooded foes.
   It affects your intelligence (+4).
   It protects you from poison.
   It may slow you when you take damage.
Missiles
 c - 106 poisoned tomahawks
 d - 2346 stones
 o - 105 javelins (quivered)
 p - 51 curare-tipped needles
 y - 123 poisoned needles
Armour
 a - a +0 robe
 g - a scarf of clouds (worn)
 v - a +2 helmet (worn)
 A - a +0 troll leather armour {Purgy}
 G - a scarf of clouds
 H - a +0 cloak of magic resistance
 I - +0 steam dragon scales (worn)
 K - the +1 chain mail of Paranoia {+Blink rCorr Str+5 Dex-3, unknown}
   (You found it on level 8 of the Dungeon)

   It affects your strength (+5).
   It affects your dexterity (-3).
   It lets you blink.
   It provides partial protection from all sources of acid and corrosion.
 N - a +0 pair of boots (worn)
 O - a +0 pair of gloves (worn)
Jewellery
 f - an uncursed ring of see invisible
 m - the ring of Fun (left hand) {+Fly SInv}
   (You found it on level 2 of the Dungeon)

   [ring of flight]

   It lets you see invisible.
   It lets you fly.
 n - an amulet of the gourmand (around neck)
 w - an uncursed ring of attention
Wands
 l - a wand of polymorph (15)
 r - a wand of disintegration (12)
 E - a wand of random effects (7)
Scrolls
 i - 10 scrolls of identify
 j - 8 scrolls of remove curse
 k - 4 scrolls of teleportation
 u - 3 scrolls of enchant weapon
 B - a scroll of fear
 C - a scroll of magic mapping
 J - a scroll of immolation
 P - a scroll of enchant armour {unknown}
Potions
 h - a potion of curing {unknown}
 s - 2 potions of flight {unknown}
 t - a potion of brilliance
 z - 2 potions of mutation {unknown}
 D - 3 potions of berserk rage {unknown}
 F - a potion of resistance {unknown}
Comestibles
 e - 26 rations {!d}


   Skills:
 - Level 4.0 Armour
 - Level 10.0 Dodging
 - Level 2.4 Stealth
 - Level 5.0 Spellcasting
 + Level 9.9 Conjurations
 + Level 9.9 Fire Magic
 - Level 4.0 Evocations


You had 7 spell levels left.
You knew the following spells:

 Your Spells              Type           Power        Failure   Level  Hunger
a - Flame Tongue          Conj/Fire      #####        1%          1    None
b - Conjure Flame         Conj/Fire      #####...     1%          3    ###....
c - Sticky Flame          Conj/Fire      #####...     2%          4    #####..
d - Fireball              Conj/Fire      #####.....   7%          5    ######.

Your spell library contained the following spells:

 Spells                   Type           Power        Failure   Level  Hunger
 Flaming Arrows           Chrm/Fire      ###.....     2%          2    None
 Inner Flame              Hex/Fire       N/A          5%          3    ###....
 Necrotize                Necr           #.....       14%         1    None
 Ensorcelled Hibernation  Hex/Ice        #.....       22%         2    None
 Vampiric Draining        Necr           #.........   38%         3    ###....
 Agony                    Necr           #.......     80%         4    #####..
 Animate Dead             Necr           N/A          80%         4    #####..
 Dispel Undead            Necr           #.......     98%         5    ######.
 Borgnjor's Vile Clutch   Necr/Erth      #.........   100%        6    #######
 Darkness                 Hex            #.........   100%        6    #######
 Infestation              Hex/Tmut/Pois  #........    100%        6    #######
 Shadow Creatures         Summ           N/A          100%        7    #######
 Time Stop                Chrm/Tloc      N/A          100%        8    #######


Dungeon Overview and Level Annotations

Branches:
Dungeon (9/12)             Temple (1/1) D:6            Lair (0/6) D:9
    Orc: D:8-11

Altars:
Ashenzari
Cheibriados
Dithmenos
Elyvilon
Fedhas
Gozag
Hepliaklqana
Kikubaaqudgha
Lugonu
Makhleb
Nemelex Xobeh
Okawaru
Qazlal
Ru
Sif Muna
Trog
Uskayaw
Vehumet
Wu Jian
Xom
Yredelemnul
Zin
The Shining One

Shops:
D:9 [:!=

Annotations:
D:9 exclusion: statue


Message History

The bat hits you but does no damage.
The river rat bites you but does no damage.
Press: ? - help, v - describe, . - travel
Here: a moss-covered statue (severely damaged) Attempting to read a scroll while constricted might waste it - continue anyway? [Y]es or [N]o only, please.
Attempting to read a scroll while constricted might waste it - continue anyway?
As you read the scroll of teleportation, it crumbles to dust.
You feel strangely unstable. A tree reaches out but misses you.
The bat misses you. The snaplasher vine hits you.
The snaplasher vine constricts you. The snaplasher vine hits you. x2
The snaplasher vine constricts you. The river rat closely misses you.
A tree reaches out but misses you. The bat barely misses you.
The snaplasher vine barely misses you. The snaplasher vine hits you!
* * * LOW HITPOINT WARNING * * *
The snaplasher vine constricts you. The river rat closely misses you.
A root smacks you from below!
* * * LOW HITPOINT WARNING * * *
The snaplasher vine hits you!
You die...

..................
.#######.......... ##
#..........
########..........
..................
##########.#.##.##
#.#..#..###
##########.#♣.♣rw♣.#####
............♣♣♣≈@bP....#
............♣R8≈w>...(.#
#########...♣♣♣≈.\.....#
#########..#..♣..♣*###.#
...........###########.#
.......................#
.......................#
#########..#############
#..#


You could see a moss-covered statue, a dryad, 2 snaplasher vines, a river rat
and a bat.

Vanquished Creatures
  A wolf spider zombie (D:8)
  An eye of draining (D:8)
  A troll (D:8)
  3 hippogriffs
  10 yaks
  Eustachio (D:4)
  2 hungry ghosts
  3 steam dragons
  Duvessa (D:7)
  3 soldier ants (D:8)
  Purgy (Sewer)
  3 orc warriors
  A sky beast (D:5)
  2 black bears
  2 ogres (D:5)
  4 phantoms
  3 bullfrogs
  A kobold brigand (D:6)
  6 centaurs
  A scorpion (D:7)
  5 wights (D:7)
  4 howler monkeys
  2 orc priests (D:4)
  A bullfrog zombie (D:3)
  2 crimson imps
  A quasit (D:6)
  5 hounds
  Crazy Yiuf (D:6)
  2 jellies
  An iguana (D:7)
  7 orc wizards
  11 worker ants
  2 hound skeletons
  3 gnolls (D:3)
  7 adders
  3 shadow imps
  2 oozes
  An adder zombie (D:8)
  4 worms
  A dart slug (D:2)
  4 leopard geckos
  26 orcs
  4 ball pythons
  4 giant cockroaches
  7 goblins
  4 hobgoblins
  23 jackals
  20 kobolds
  2 quokkas
  6 bats
  4 frilled lizards
  A jackal skeleton (D:4)
  4 rats
  2 plants (D:9)
226 creatures vanquished.

Vanquished Creatures (others)
  9 fungi (D:9)
  A plant (D:9)
10 creatures vanquished.

Grand Total: 236 creatures vanquished

Notes
Turn   | Place    | Note
-------+----------+-------------------------------------------
     0 | D:1      | Mehrunes the Human Fire Elementalist began the quest for
                  | the Orb.
     0 | D:1      | Reached XP level 1. HP: 13/13 MP: 3/3
   304 | D:1      | Reached XP level 2. HP: 19/19 MP: 0/5
   768 | D:1      | Reached XP level 3. HP: 24/24 MP: 4/6
   915 | D:2      | Got a sparkling marble ring
   917 | D:2      | Identified the ring of Fun {+Fly SInv} (You found it on
                  | level 2 of the Dungeon)
  1166 | D:2      | Learned a level 3 spell: Conjure Flame
  1565 | D:2      | Reached XP level 4. HP: 28/30 MP: 0/7
  1615 | D:2      | Found a glowing golden altar of the Shining One.
  2393 | D:3      | Noticed a phantom
  3140 | D:3      | Reached XP level 5. HP: 35/35 MP: 5/8
  3254 | D:3      | Learned a level 4 spell: Sticky Flame
  3302 | D:3      | Reached skill level 5 in Fire Magic
  3803 | D:3      | Reached XP level 6. HP: 38/41 MP: 3/9
  3905 | D:4      | Found a burning altar of Makhleb.
  4586 | D:4      | Reached skill level 5 in Conjurations
  4869 | D:4      | Reached XP level 7. HP: 42/46 MP: 10/10
  5013 | D:4      | Noticed Eustachio
  5362 | D:5      | Entered Level 5 of the Dungeon
  5392 | D:5      | Found a glowing drain.
  5451 | D:5      | Got a transparent spear
  5454 | D:5      | Identified the +11 spear of Dawn {flame, +Rage rElec rF+
                  | Str+2} (You found it on level 5 of the Dungeon)
  5467 | Sewer    | Entered a sewer
  5573 | Sewer    | Noticed Purgy
  5580 | Sewer    | Killed Purgy
  6332 | D:5      | Reached XP level 8. HP: 52/52 MP: 3/11
  7354 | D:6      | Found a staircase to the Ecumenical Temple.
  7369 | Temple   | Entered the Ecumenical Temple
  7809 | Temple   | Became a worshipper of Sif Muna the Loreminder
  7992 | D:6      | Reached skill level 1 in Armour
  8081 | D:6      | Reached skill level 3 in Dodging
  8081 | D:6      | Reached XP level 9. HP: 44/57 MP: 2/12
  8344 | D:6      | Found a burning altar of Makhleb.
  8356 | D:6      | Reached skill level 4 in Dodging
  8841 | D:6      | Noticed a hippogriff
  8900 | D:6      | Found a runed door.
  9045 | D:7      | Noticed Duvessa
  9054 | D:6      | Learned a level 5 spell: Fireball
  9094 | D:6      | Killed a hippogriff
  9095 | D:6      | Reached skill level 5 in Dodging
  9168 | D:6      | Reached * piety under Sif Muna
  9387 | D:7      | Killed Duvessa
  9393 | D:7      | Received a gift from Sif Muna
  9393 | D:7      | Reached skill level 6 in Dodging
  9727 | D:7      | Reached skill level 1 in Evocations
 10028 | D:7      | Reached XP level 10. HP: 63/63 MP: 8/16
 10281 | D:7      | Found an opulent altar of Gozag.
 10654 | D:8      | Reached ** piety under Sif Muna
 10655 | D:8      | Reached skill level 7 in Dodging
 10655 | D:8      | Reached skill level 5 in Spellcasting
 10744 | D:8      | Reached skill level 8 in Dodging
 11016 | D:8      | Got a scorched chain mail
 11317 | D:8      | Reached skill level 9 in Dodging
 11384 | D:8      | Identified a scroll of acquirement
 11386 | D:8      | Identified the +1 arbalest "Kuiwk" {freeze, MR+ Dex+2} (You
                  | acquired it on level 8 of the Dungeon)
 11386 | D:8      | Identified the +3 buckler of Honour {rN++ Dex+3 Slay-5}
                  | (You acquired it on level 8 of the Dungeon)
 11386 | D:8      | Identified the ring "Ixomapsy" {rPois rN+} (You acquired it
                  | on level 8 of the Dungeon)
 11858 | D:8      | Reached skill level 10 in Dodging
 12101 | D:4      | Killed Eustachio
 12327 | D:6      | Noticed Crazy Yiuf
 12331 | D:6      | Killed Crazy Yiuf
 12337 | D:6      | Got a scorched mace
 12339 | D:6      | Identified the +7 mace of the Immovable Knaves {freeze,
                  | *Slow rPois Int+4} (You found it on level 6 of the Dungeon)
 12542 | D:8      | Reached XP level 11. HP: 53/68 MP: 7/18
 12723 | D:9      | Found Anois's Distillery.
 12815 | D:8      | Reached *** piety under Sif Muna
 12993 | D:9      | Found Qikofysheo's Armour Emporium.
 13004 | D:9      | Bought a +0 pair of boots for 54 gold pieces
 13004 | D:9      | Bought a +0 pair of gloves for 54 gold pieces
 13340 | D:9      | Found Bekes's Jewellery Shoppe.
 13360 | D:9      | Found Baotoc's Book Emporium.
 13468 | D:9      | Reached **** piety under Sif Muna
 13757 | D:9      | Found a bloodstained altar of Trog.
 13829 | D:9      | Found a staircase to the Lair.
 14044 | D:9      | Slain by a snaplasher vine

Skill      XL: |  1  2  3  4  5  6  7  8  9 10 11 |
---------------+----------------------------------+-----
Conjurations   | 2 3 4 5 6 8 9 |  9.9
Fire Magic     | 4 5 6 7 8 9 |  9.9
Armour         | 2 4 |  4.0
Dodging        | 3 6 10 | 10.0
Spellcasting   | 4 5 |  5.0
Evocations     | 2 4 |  4.0
Stealth        | |  2.4

Action                   |  1- 3 |  4- 6 |  7- 9 | 10-12 || total
-------------------------+-------+-------+-------+-------++-------
Melee: Mace              |    13 |     7 |     1 |       ||    21
       Spear             |       |       |    16 |    65 ||    81
Throw: Javelin           |       |     7 |    20 |    29 ||    56
 Cast: Flame Tongue      |    74 |    93 |   194 |   195 ||   556
       Conjure Flame     |       |     8 |    12 |    15 ||    35
       Sticky Flame      |       |       |     8 |    13 ||    21
       Fireball          |       |       |       |    13 ||    13
Invok: Divine Energy     |       |       |       |     6 ||     6
 Abil: Evoke Flight      |     1 |       |       |       ||     1
Evoke: Wand              |       |     4 |       |       ||     4
  Use: Scroll            |     3 |     3 |     3 |     6 ||    15
       Potion            |       |     5 |       |       ||     5
 Stab: Sleeping          |       |       |     3 |       ||     3
  Eat: Chunk             |     4 |    16 |    22 |    26 ||    68
       Ration            |       |     1 |     1 |       ||     2
Armor: Robe              |    10 |    17 |     3 |       ||    30
       Troll leather arm |       |       |    48 |    18 ||    66
       Steam dragon scal |       |       |       |    24 ||    24
Dodge: Dodged            |    34 |    32 |    88 |   147 ||   301
